 Dungeon Crawl Stone Soup version coffee-0.2.0 (webtiles) character file.

Game seed: 7035720306301950035, levelgen mode: deterministic

219 Auros the Chiller (level 5, -1/35 HPs)
             Began as a Merfolk Ice Elementalist on Mar 21, 2020.
             Killed by divine providence
             ... invoked by an orc priest
              (10 damage)
             ... on level 5 of the Dungeon.
             The game lasted 00:11:48 (1710 turns).

Auros the Chiller (Merfolk Ice Elementalist)        Turns: 1710, Time: 00:11:48

Health: -1/35      AC:  3    Str:  8    XL:     5   Next: 96%
Magic:  3/8        EV: 14    Int: 15    God:
Gold:   88         SH:  6    Dex: 15    Spells: 0/8 levels left

rFire    . . .     SeeInvis .   g - +1 trident
rCold    . . .     Gourm    .   (no shield)
rNeg     . . .     Faith    .   m - +1 animal skin
rPois    .         Spirit   .   (no helmet)
rElec    .         Reflect  +   (no cloak)
rCorr    .         Harm     .   (no gloves)
MR       .....                  (no boots)
Stlth    ++........             q - +6 amulet of reflection
HPRegen  0.11/turn              k - ring of wizardry
MPRegen  0.11/turn              (no ring)

@: studying Maces & Flails
A: change form in water, swift swim, stealthy swim
a: no special abilities


You were on level 5 of the Dungeon.
You were hungry.

You visited 1 branch of the dungeon, and saw 4 of its levels.

You collected 88 gold pieces.

Inventory:

Hand Weapons
 g - a +1 trident (weapon)
Armour
 a - a +0 robe
 m - a +1 animal skin (worn)
 o - a +1 helmet
Jewellery
 k - a ring of wizardry (left hand)
 q - a +6 amulet of reflection (around neck)
Wands
 j - a wand of random effects (15)
Scrolls
 d - 2 scrolls of fear
 e - 2 scrolls of amnesia
 f - a scroll of holy word
 h - 4 scrolls of teleportation
 p - 2 scrolls of remove curse
Potions
 b - a potion of flight
 i - a potion of heal wounds
Books
 n - a manual of Maces & Flails
Comestibles
 c - 4 rations
 l - 5 chunks of flesh


   Skills:
 + Level 5.1 Polearms
 - Level 2.6(3.7) Dodging
 - Level 2.1(3.3) Stealth
 - Level 2.0(2.6) Spellcasting
 + Level 6.4 Ice Magic


You couldn't memorise any spells.
You knew the following spells:

 Your Spells              Type           Power        Failure   Level  Hunger
a - Freeze                Ice            ###.         1%          1    #......
b - Frozen Ramparts       Ice            ###...       1%          3    ###....
c - Hailstorm             Conj/Ice       ###.....     12%         4    #####..

Your spell library contained the following spells:

 Spells                   Type           Power        Failure   Level  Hunger
 Magic Dart               Conj           ##..         2%          1    #......
 Call Imp                 Summ           ##......     3%          2    ###....
 Slow                     Hex            ##......     3%          2    ###....
 Ozocubu's Armour         Chrm/Ice       ###.....     3%          3    ###....
 Blink                    Tloc           N/A          4%          2    ###....
 Mephitic Cloud           Conj/Pois/Air  ##......     6%          3    ###....
 Conjure Flame            Conj/Fire      ##......     9%          3    ###....
 Summon Ice Beast         Ice/Summ       ###.....     11%         4    #####..


Dungeon Overview and Level Annotations

Branches:
Dungeon (3/10)
 Temple: D:2

Altars:

Shops:
D:2 *


Message History

Confirm with . or Enter, or press ? or * to list all spells.
You don't have enough magic to cast that spell.
Attack whom?
Press: ? - help, Dir - move target cursor, f - orc priest
Aim: an orc priest, wielding a -1 falchion and wearing a +0 leather armour (severely wounded)
The orc wizard is in the way.
You barely miss the orc wizard. The orc wizard misses you.
Attack whom?
Press: ? - help, Dir - move target cursor, f/p - orc priest
Aim: an orc priest, wielding a -1 falchion and wearing a +0 leather armour (severely wounded)
You reach to attack!
You hit the orc priest but do no damage.
The orc priest is severely wounded.
The orc wizard gestures at you while chanting.
The puff of frost misses you.
You hit the orc priest.
The orc priest is severely wounded.
The orc priest calls down the wrath of Beogh upon you.
Beogh smites you!
You die...

#............(.#....#
#..............#....+
#....(##.......##=..#
#.....##.......##...#
#.....##............#
#.....#..............
#.....#........####+##
#.....'........##...#
#.....##.......@oo))#
#.....##.......##o..#
#.....##.......# ....#
#......#.......+ ....#
#......#.......# ....+
#......#.......# ...##
#.....##.......# ...#
###...##.......##...#
####...##............#


You could see an orc priest, an orc wizard and an orc.

Vanquished Creatures
  A scorpion (D:5)
  Jessica (D:2)
  An orc wizard (D:3)
  Robin (D:2)
  5 adders
  An ooze (D:2)
  3 leopard geckos (D:1)
  5 orcs
  3 giant cockroaches (D:1)
  11 goblins
  5 hobgoblins
  3 jackals (D:2)
  7 kobolds
  4 bats
  2 frilled lizards
53 creatures vanquished.

Notes
Turn   | Place    | Note
-------+----------+-------------------------------------------
     0 | D:1      | Auros the Merfolk Ice Elementalist began the quest for the
                  | Orb.
     0 | D:1      | Reached XP level 1. HP: 13/13 MP: 3/3
   174 | D:1      | Reached XP level 2. HP: 4/19 MP: 1/5
   550 | D:1      | Reached skill level 5 in Ice Magic
   590 | D:1      | Reached skill level 1 in Polearms
   912 | D:2      | Found Qyhodafau's Assorted Antiques.
   929 | D:2      | Reached XP level 3. HP: 17/24 MP: 2/6
   970 | D:2      | Learned a level 3 spell: Frozen Ramparts
  1127 | D:2      | Noticed Robin
  1203 | D:2      | Killed Robin
  1203 | D:2      | Reached XP level 4. HP: 19/30 MP: 0/7
  1385 | D:2      | Noticed Jessica
  1391 | D:2      | Killed Jessica
  1519 | D:2      | Reached XP level 5. HP: 35/35 MP: 6/8
  1531 | D:2      | Learned a level 4 spell: Hailstorm
  1534 | D:3      | Reached skill level 6 in Ice Magic
  1618 | D:3      | You fall into a shaft and drop 2 floors!
  1618 | D:5      | Entered Level 5 of the Dungeon
  1671 | D:5      | Reached skill level 5 in Polearms
  1710 | D:5      | Killed from afar by an orc priest

Levels and vault maps discovered:
D:1:      elethiomel_arrival_infinity_welcomes_careful_drivers,
          layout_loops_cross, minmay_heptomino_o4
D:2:      layout_rooms, temple_green, serial_shops, nicolae_shop_stone,
          uniq_jessica, uniq_robin
D:3:      layout_loops_cross, chequers_ecumenical_altar_lobes
D:5:      layout_gridville, nicolae_overflow_hidden_temple, basic_altar,
          nicolae_tso_besieged_by_evil, uniq_menkaure

Skill      XL: |  1  2  3  4  5 |
---------------+----------------+-----
Ice Magic      | 5 6 |  6.4
Polearms       | 1 2 4 5 |  5.1
Dodging        | |  2.6
Stealth        | |  2.1
Spellcasting   | |  2.0

Action                   |  1- 3 |  4- 6 || total
-------------------------+-------+-------++-------
Melee: Unarmed           |    16 |       ||    16
       Trident           |    42 |    47 ||    89
 Cast: Freeze            |    28 |     4 ||    32
       Frozen Ramparts   |     3 |     4 ||     7
       Hailstorm         |       |     3 ||     3
  Use: Scroll            |       |     1 ||     1
 Stab: Sleeping          |     5 |     1 ||     6
  Eat: Chunk             |     1 |     3 ||     4
Armor: Robe              |     7 |       ||     7
       Animal skin       |       |     3 ||     3
Dodge: Dodged            |    72 |    39 ||   111
Block: Other             |       |     4 ||     4
